 Dungeon Crawl Stone Soup version 0.26-a0-648-g87339cc (webtiles) character file.

Game seed: 5601834929525219270

42 snetch the Chopper (level 3, -1/33 HPs)
             Began as a Hill Orc Monk on Sept 25, 2020.
             Slain by Ijyb
             ... wielding a +0 dagger
              (4 damage)
             ... on level 3 of the Dungeon.
             The game lasted 00:05:18 (1272 turns).

snetch the Chopper (Hill Orc Monk)                  Turns: 1272, Time: 00:05:19

Health: -1/33      AC:  6    Str: 14    XL:     3   Next: 54%
Magic:  3/3        EV: 11    Int: 10    God:
Gold:   71         SH:  0    Dex: 13    Spells: 2/2 levels left

rFire    . . .     SeeInvis .   a - +0 hand axe
rCold    . . .     Faith    .   (no shield)
rNeg     . . .     Spirit   .   f - +0 ring mail
rPois    .         Reflect  .   (no helmet)
rElec    .         Harm     .   (no cloak)
rCorr    .         Rampage  .   (no gloves)
MR       .....                  p - +0 pair of boots
Stlth    +.........             (no amulet)
HPRegen  0.11/turn              (no ring)
MPRegen  0.08/turn              (no ring)

@: no status effects
A: no striking features
a: no special abilities


You were on level 3 of the Dungeon.
You visited 1 branch of the dungeon, and saw 3 of its levels.

You collected 71 gold pieces.

Inventory:

Hand Weapons
 a - a +0 hand axe (weapon)
Missiles
 e - 29 stones
 k - 12 boomerangs
 n - 20 poisoned darts (quivered)
Armour
 d - a +0 plate armour
 f - a +0 ring mail (worn)
 o - a scarf of harm
 p - a +0 pair of boots (worn)
Scrolls
 b - a scroll of immolation {unknown}
 c - 7 scrolls of identify {unknown}
 i - a scroll of remove curse {unknown}
 j - a scroll of teleportation {unknown}
Potions
 g - 2 potions of stabbing {unknown}
 h - a potion of brilliance {unknown}
 l - 2 potions of haste {unknown}
 m - a potion of might {unknown}


   Skills:
 + Level 4.2 Fighting
 * Level 4.7 Axes
 + Level 1.3 Armour
 + Level 2.6 Dodging
 + Level 1.6 Stealth


You had 2 spell levels left.
You didn't know any spells.
Your spell library was empty.

Dungeon Overview and Level Annotations

Branches:
Dungeon (3/15)

Altars:

Annotations:
D:3 Ijyb


Message History

Ijyb is almost dead.
Ijyb misses you.
You hit Ijyb but do no damage.
Ijyb is almost dead.
Ijyb hits you but does no damage.
You hit Ijyb but do no damage.
Ijyb is almost dead.
Ijyb hits you with a +0 dagger.
* * * LOW HITPOINT WARNING * * *
Your ring mail prevents you from hitting Ijyb.
Ijyb is almost dead.
Ijyb hits you but does no damage.
You barely miss Ijyb.
Ijyb is almost dead.
Ijyb barely misses you.
Okay, then.
You hit Ijyb but do no damage.
Ijyb is almost dead.
Ijyb hits you with a +0 dagger.
You die...

#..............
#..............
#...........?(.
#..............
#..............
#..............
#......g......
#....@# #######


You could see Ijyb.

Vanquished Creatures
  2 adders (D:2)
  2 worms (D:2)
  A dart slug (D:2)
  3 bats
  A giant cockroach (D:1)
  A hobgoblin (D:2)
  A kobold (D:2)
  A frilled lizard (D:2)
  3 goblins
  A rat (D:1)
16 creatures vanquished.

Vanquished Creatures (others)
  A plant (D:2)
1 creature vanquished.

Grand Total: 17 creatures vanquished

Notes
Turn   | Place    | Note
-------+----------+-------------------------------------------
     0 | D:1      | snetch the Hill Orc Monk began the quest for the Orb.
     0 | D:1      | Reached XP level 1. HP: 19/19 MP: 1/1
   314 | D:2      | Reached XP level 2. HP: 19/27 MP: 2/2
   922 | D:2      | Reached XP level 3. HP: 33/33 MP: 3/3
  1086 | D:3      | Noticed Ijyb
  1231 | D:2      | Reached skill level 1 in Armour
  1272 | D:3      | Slain by Ijyb

Illustrated notes

Levels and vault maps discovered:
D:1:      erik_arrival_blinker_ship, layout_rooms, kennysheep_boxes
D:2:      layout_rooms, okawaru_ov_weapons_minmay, serial_forest,
          infiniplex_forest_fountain, infiniplex_forest_clump_small,
          infiniplex_forest_straight_2, infiniplex_forest_straight_4,
          infiniplex_forest_straight_2, infiniplex_forest_straight_2,
          infiniplex_forest_straight_2
D:3:      layout_rooms, gammafunk_ghost_cemetery, uniq_ijyb

Skill      XL: |  1  2  3 |
---------------+----------+-----
Fighting       | 4 |  4.2
Armour         | 1 |  1.3
Axes           | |  4.7
Dodging        | |  2.6
Stealth        | |  1.6

Action                   || total
-------------------------++-------
Melee: Hand axe          ||   106
  Use: Potion            ||     2
 Stab: Sleeping          ||     1
Armor: Ring mail         ||    37
Dodge: Dodged            ||    90

Table legend: (Time is in decaauts)
 A = Elapsed time spent in this place.
 B = Non-inter-level travel time spent in this place.
 C = Inter-level travel time spent in this place.
 D = Time resting spent in this place.
 E = Time spent auto-exploring this place.
 F = Levels seen in this place.
 G = Mean time per level.
                   A        B        C        D        E       F      G
               +--------+--------+--------+--------+--------+-----+--------+
         Total |   1290 |   1263 |     27 |    356 |    475 |   3 |  430.0 |
       Dungeon |   1290 |   1263 |     27 |    356 |    475 |   3 |  430.0 |
               +--------+--------+--------+--------+--------+-----+--------+

Top non-repeatable levels by time:
     D:2: 730 daAuts
     D:1: 530 daAuts
     D:3: 29 daAuts
